 Dungeon Crawl Stone Soup version 0.25-a0-110-ge29c8f2358 (console) character file.

Game seed: 8043227767473679128, levelgen mode: deterministic

975 Kagalorn the Carver (level 8, -6/49 HPs)
             Began as a Halfling Warper on Nov 20, 2019.
             Mangled by a slime creature (9 damage)
             ... on level 5 of the Dungeon.
             The game lasted 00:17:30 (5303 turns).

Kagalorn the Carver (Halfling Warper)               Turns: 5303, Time: 00:17:30

Health: -6/49      AC:  8    Str: 12    XL:     8   Next: 39%
Magic:  2/10       EV: 14    Int: 13    God:
Gold:   253        SH:  0    Dex: 14    Spells: 6/10 levels left

rFire    . . .     SeeInvis .   w - +2 short sword (venom)
rCold    . . .     Gourm    .   (shield restricted)
rNeg     . . .     Faith    .   A - +3 leather armour
rPois    .         Spirit   .   s - +0 helmet
rElec    .         Reflect  .   x - +0 cloak
rCorr    .         Harm     .   (no gloves)
MR       .....                  (no boots)
Stlth    +.........             (no amulet)
HPRegen  0.16/turn              (no ring)
MPRegen  0.12/turn              (no ring)

@: lethally poisoned (-6 -> -7), starving
A: small, mutation resistance 1
a: no special abilities


You were on level 5 of the Dungeon.
You were starving.

You visited 1 branch of the dungeon, and saw 6 of its levels.

You collected 253 gold pieces.

Inventory:

Hand Weapons
 a - a +0 falchion
 b - a +0 hunting sling
 w - a +2 short sword of venom (weapon)
Missiles
 e - 3 boomerangs of dispersal (quivered)
 j - 206 stones
 u - 62 sling bullets
Armour
 g - a +0 plate armour
 s - a +0 helmet (worn)
 x - a +0 cloak (worn)
 A - a +3 leather armour (worn)
Wands
 v - a wand of paralysis (10)
Scrolls
 d - 2 scrolls of blinking
 h - 2 scrolls of fear {unknown}
 i - 6 scrolls of teleportation {unknown}
 l - a scroll of enchant weapon {unknown}
 m - 3 scrolls of remove curse {unknown}
 o - 2 scrolls of identify {unknown}
 p - 2 scrolls of magic mapping {unknown}
 r - 2 scrolls of noise {unknown}
 y - a scroll of enchant armour {unknown}
 z - a scroll of random uselessness {unknown}
Potions
 c - a potion of might {unknown}
 k - 3 potions of haste {unknown}
 n - 4 potions of curing {unknown}
 q - a potion of cancellation {unknown}
 t - 2 potions of flight {unknown}
 C - a potion of degeneration {unknown}
Comestibles
 f - 15 rations


   Skills:
 - Level 1.7 Fighting
 + Level 8.2 Long Blades
 - Level 1.0 Throwing
 - Level 1.1 Armour
 - Level 2.1 Dodging
 - Level 1.5 Spellcasting
 - Level 3.0 Charms
 - Level 5.0 Translocations


You had 6 spell levels left.
You knew the following spells:

 Your Spells              Type           Power        Failure   Level  Hunger
a - Blink                 Tloc           N/A          7%          2    ###....
b - Shroud of Golubria    Chrm/Tloc      ##....       10%         2    ###....

Your spell library contained the following spells:

 Spells                   Type           Power        Failure   Level  Hunger
 Gell's Gravitas          Tloc           ##........   13%         3    ####...
 Lesser Beckoning         Tloc           ##........   13%         3    ####...
 Teleport Other           Tloc           ##......     13%         3    ####...
 Confusing Touch          Hex            #.....       34%         1    ##.....
 Passage of Golubria      Tloc           N/A          41%         4    #####..
 Confuse                  Hex            #.......     71%         3    ####...
 Petrify                  Tmut/Erth      #.......     98%         4    #####..
 Metabolic Englaciation   Hex/Ice        #.........   100%        5    ######.
 Yara's Violent Unravell  Hex/Tmut       #.........   100%        5    ######.


Dungeon Overview and Level Annotations

Branches:
Dungeon (6/15)
 Temple: D:4-7

Altars:
Ashenzari
Gozag
Qazlal
Zin


Innate Abilities, Weirdness & Mutations

You are small and have problems with some larger weapons.
You are somewhat resistant to further mutation.


Message History

The gnoll closely misses you.
You barely miss the gnoll.
The gnoll is moderately wounded.
The adder bites you.
You are poisoned.
The adder poisons you! The gnoll closely misses you.
The gnoll throws a stone.
The stone barely misses you.
You closely miss the gnoll.
You feel sick. The gnoll barely misses you. The adder barely misses you.
You barely miss the gnoll. The adder barely misses you.
The gnoll closely misses you. The gnoll hits you. The adder barely misses you.
The gnoll closely misses you. The gnoll barely misses you. The gnoll hits you.
You climb upwards.
You feel sick. The slime creature hits you!
* * * LOW HITPOINT WARNING * * *
There is a stone staircase leading down, spattered with blood here.
The adder bites you but does no damage.
You kill the gnoll!
The slime creature hits you!
You die...

#.................##........
#####.......#.##.#.............
#........##...#..###...........
###.....(...........#............
.##.....(>..............#........
...#.##.(....#.....#.####........
...##(..(......S.g.#...#.........
...#...(...##..J.##############.#
.#..(.<....###.g@# ############..
##.....(....#....# %..P÷.JP.##...
....((......#....# .P÷PJP÷P÷##...
.#.....#.........# ...J.P.P÷##...
##...............# .P...JJ..##...
.................# .PJ...JP.##.#.
.##............#.# J..P.P...##.##
...........#...#.# #######J# #.##
....#.....##.....###..JJ.J## #..#


You could see a slime creature, 2 gnolls and an adder.

Vanquished Creatures
  A necrophage (D:5)
  An ogre (D:5)
  2 big kobolds (D:5)
  A scorpion (D:4)
  A jelly (D:5)
  A howler monkey (D:5)
  2 crimson imps (D:5)
  A hound (D:5)
  An orc priest (D:3)
  A gnoll shaman (D:6)
  Jessica (D:2)
  An iguana (D:4)
  3 orc wizards (D:4)
  3 worker ants (D:4)
  Robin (D:2)
  7 adders
  A gnoll (D:5)
  A shadow imp (D:3)
  2 oozes
  A worm (D:2)
  3 dart slugs (D:1)
  3 leopard geckos
  7 orcs
  9 bats
  3 giant cockroaches
  8 hobgoblins
  10 kobolds
  A ball python (D:4)
  6 frilled lizards
  A giant cockroach zombie (D:5)
  13 goblins
  A jackal skeleton (D:5)
  A quokka skeleton (D:4)
  6 rats
105 creatures vanquished.

Vanquished Creatures (others)
  6 toadstools (D:5)
6 creatures vanquished.

Grand Total: 111 creatures vanquished

Notes
Turn   | Place    | Note
-------+----------+-------------------------------------------
     0 | D:1      | Kagalorn the Halfling Warper began the quest for the Orb.
     0 | D:1      | Reached XP level 1. HP: 14/14 MP: 3/3
   110 | D:1      | Reached XP level 2. HP: 18/19 MP: 4/4
   116 | D:1      | Learned a level 2 spell: Blink
   119 | D:1      | Learned a level 2 spell: Shroud of Golubria
   576 | D:1      | Reached XP level 3. HP: 19/24 MP: 5/5
   937 | D:1      | Reached skill level 3 in Long Blades
  1063 | D:2      | Reached skill level 1 in Charms
  1121 | D:2      | Found a faded altar of an unknown god.
  1121 | D:2      | Found an opulent altar of Gozag.
  1126 | D:2      | Found a stormy altar of Qazlal.
  1128 | D:2      | Found a shattered altar of Ashenzari.
  1129 | D:2      | Found a faded altar of an unknown god.
  1299 | D:2      | Reached XP level 4. HP: 13/29 MP: 6/6
  1521 | D:2      | Noticed Jessica
  1532 | D:2      | Killed Jessica
  1583 | D:2      | Reached XP level 5. HP: 25/34 MP: 4/7
  1626 | D:2      | Noticed Robin
  1634 | D:2      | Killed Robin
  2036 | D:3      | Reached skill level 4 in Long Blades
  2821 | D:3      | Reached XP level 6. HP: 31/39 MP: 8/8
  3324 | D:4      | Reached skill level 5 in Long Blades
  3423 | D:4      | Found a glowing silver altar of Zin.
  3907 | D:5      | Entered Level 5 of the Dungeon
  3926 | D:4      | Reached skill level 5 in Translocations
  3926 | D:4      | Reached XP level 7. HP: 37/44 MP: 5/9
  4222 | D:5      | Reached skill level 6 in Long Blades
  4693 | D:5      | Reached skill level 7 in Long Blades
  4693 | D:5      | Reached XP level 8. HP: 49/49 MP: 10/10
  5056 | D:5      | Noticed a slime creature
  5056 | D:5      | Noticed a slime creature
  5114 | D:5      | Reached skill level 8 in Long Blades
  5301 | D:5      | HP: 2/49 [slime creature (13)]
  5303 | D:5      | Mangled by a slime creature

Levels and vault maps discovered:
D:1:      minmay_arrival_doors, layout_basic, kennysheep_nondescript,
          hex_intersection
D:2:      layout_basic, chequers_temple_overflow_minitemple,
          serial_corexii_hall, chequers_hall_statues_y, corexii_hall_statues_i,
          uniq_jessica, uniq_robin
D:3:      layout_basic, first_ration
D:4:      layout_basic, zin_academy, kennysheep_decorative_pillar
D:5:      cheibrodos_fertilizer, layout_cave_pools
D:6:      layout_cave_pools, old_standard_altar, serial_shops,
          nicolae_shop_temple_entry_statues_fountains, nicolae_shop_trees

Skill      XL: |  1  2  3  4  5  6  7  8 |
---------------+-------------------------+-----
Long Blades    | 3 4 5 7 8 |  8.2
Charms         | 1 2 3 |  3.0
Translocations | 4 5 |  5.0
Fighting       | |  1.7
Throwing       | |  1.0
Armour         | |  1.1
Dodging        | |  2.1
Spellcasting   | |  1.5

Action                   |  1- 3 |  4- 6 |  7- 9 || total
-------------------------+-------+-------+-------++-------
Melee: Falchion          |   100 |    38 |       ||   138
       Short sword       |       |   111 |   129 ||   240
 Fire: Hunting sling     |       |    22 |    41 ||    63
Throw: Boomerang         |       |       |     2 ||     2
 Cast: Shroud of Golubri |     2 |    13 |     5 ||    20
       Blink             |       |     5 |    17 ||    22
 Stab: Sleeping          |       |       |     1 ||     1
  Eat: Chunk             |     2 |     8 |     6 ||    16
Armor: Leather armour    |    17 |    31 |    39 ||    87
Dodge: Dodged            |    58 |   100 |    94 ||   252
       Rpst.: Falchion   |    16 |     6 |       ||    22

Table legend:
 A = Non-vault XP
 B = Vault XP
 C = Vault XP percentage of total XP
 D = Non-vault monster count
 E = Vault monster count
 F = Vault count percentage of total count
                 A         B        C        D         E       F
            +---------+---------+-------+---------+---------+-------
      Total |    1060 |     333 |  23.9 |      84 |      21 |  20.0
            +---------+---------+-------+---------+---------+-------
        D:1 |      43 |       0 |   0.0 |      19 |       0 |   0.0
        D:2 |      49 |      71 |  59.2 |      13 |      12 |  48.0
        D:3 |     113 |       0 |   0.0 |      22 |       0 |   0.0
        D:4 |     341 |       0 |   0.0 |      15 |       0 |   0.0
        D:5 |     475 |     262 |  35.5 |      14 |       9 |  39.1
        D:6 |      39 |       0 |   0.0 |       1 |       0 |   0.0
            +---------+---------+-------+---------+---------+-------
